 Dungeon Crawl Stone Soup version 0.31.0-11-ge490571c62 (webtiles) character file.

Game seed: 7775530801970169654

1493 qw the Skirmisher (level 8, -2/40 HPs)
             Began as a Spriggan Hunter on Feb 3, 2024.
             Was a Believer of Okawaru.
             Slain by an orc warrior
             ... wielding a +0 halberd
              (12 damage)
             ... on level 7 of the Dungeon.
             The game lasted 00:01:49 (6539 turns).

qw the Skirmisher (Spriggan Hunter)                 Turns: 6539, Time: 00:01:49

Health: -2/40      AC:  2    Str:  7    XL:     8   Next: 51%
Magic:  12/12      EV: 28    Int: 10    God:    Okawaru [**....]
Gold:   185        SH:  0    Dex: 21    Spells: 7/7 levels left

rFire   + . .        a - +0 shortbow
rCold   . . .        (shield currently unavailable)
rNeg    . . .        c - +0 robe
rPois   .            (helmet restricted)
rElec   .            (no cloak)
rCorr   .            (gloves unavailable)
SInv    +            (boots unavailable)
Will    +....        m - amulet of regeneration
Stlth   ++           h - ring of protection from fire
HPRegen 1.06/turn    d - +5 ring of evasion
MPRegen 0.13/turn

%: no passive effects
@: very quick
A: very small, no large weapons, unfitting armour, see invisible, speed 3
a: Renounce Religion, Heroism


You were on level 7 of the Dungeon.
You worshipped Okawaru.
Okawaru was pleased with you.
You visited 2 branches of the dungeon, and saw 8 of its levels.
You also visited: Ossuary.

You collected 354 gold pieces.
You spent 169 gold pieces at shops.


Innate Abilities, Weirdness & Mutations

You are very small and have problems with some larger weapons.
You are too small for most types of armour.
You have supernaturally acute eyesight. (SInv)
You cover ground extremely quickly. (Speed+++)


   Skills:
 - Level 3.3 Fighting
 + Level 8.1 Ranged Weapons
 - Level 8.0 Dodging
 - Level 1.5 Stealth
 - Level 4.0 Invocations


You had 7 spell levels left.
You didn't know any spells.
Your spell library was empty.

Inventory:

Hand Weapons
 a - a +0 shortbow (weapon)
Armour
 c - a +0 robe (worn)
Jewellery
 d - a +5 ring of evasion (right hand)
 h - a ring of protection from fire (left hand)
 m - an amulet of regeneration (around neck)
 o - a ring of protection from fire
Wands
 b - a wand of charming (14)
 e - a wand of flame (14)
 k - a wand of polymorph (5)
 n - a wand of digging (4)
 q - a wand of roots (3)
Scrolls
 r - a scroll of acquirement {unknown}
Potions
 f - 2 potions of curing
 g - a potion of might
 i - a potion of cancellation
 j - 2 potions of magic
 l - a potion of brilliance {unknown}
 p - 2 potions of lignification {unknown}
 s - a potion of enlightenment {unknown}

Dungeon Overview and Level Annotations

Branches:
Dungeon (7/15)             Temple (1/1) D:4         Ossuary (visited)

Altars:
Ashenzari
Dithmenos
Fedhas
Gozag
Hepliaklqana
Kikubaaqudgha
Nemelex Xobeh
Okawaru
Qazlal
Sif Muna
Uskayaw
Vehumet
Wu Jian
Xom
The Shining One

Shops:
D:7 *

Portals:
Bailey: D:7

Annotations:
D:2 1 runed translucent door, Crazy Yiuf


Message History

An orc comes into view. It is wielding a +0 short sword.
You shoot an arrow. The arrow hits the orc.
You kill the orc!
Okawaru accepts your kill.
You shoot an arrow.
The arrow closely misses the orc warrior.
The arrow barely misses the orc.
You shoot an arrow. The arrow hits the orc!
You kill the orc!
Okawaru accepts your kill.
You shoot an arrow. The arrow hits the orc warrior.
The orc warrior is lightly wounded.
You shoot an arrow. The arrow hits the orc warrior.
The orc warrior is lightly wounded.
You shoot an arrow.
The arrow completely misses the orc warrior.
The orc warrior hits you from afar with a +0 halberd!
You shoot an arrow. The arrow hits the orc!
You kill the orc!
Okawaru accepts your kill.
The orc warrior hits you from afar with a +0 halberd!
You shoot an arrow.
The arrow hits the orc warrior but does no damage.
The orc warrior is lightly wounded.
The orc warrior misses you.
You shoot an arrow. The arrow hits the orc.
The orc is heavily wounded.
The orc warrior hits you from afar with a +0 halberd!
The orc completely misses you.
You shoot an arrow. The arrow hits the orc!
You kill the orc!
Okawaru accepts your kill. The orc warrior closely misses you.
You shoot an arrow.
The arrow closely misses the orc warrior.
The orc warrior completely misses you.
You shoot an arrow. The arrow hits the orc warrior.
The orc warrior is moderately wounded.
The orc warrior hits you from afar with a +0 halberd!
You die...

#.........#
#.........#
#.........#
+~~~......#
#~\~......#
#~~.......#
#.........#
..#########'#.....#
......)@....#.....#
...).o......# ....#
............# ...#
#...###..##+# .#
#.. #..# # #. ...#
# +...# #...#


You could see an orc warrior.

Vanquished Creatures
  A steam dragon (D:5)
  A sky beast (D:7)
  3 ogres
  A kobold brigand (D:7)
  3 elf zombies (Ossuary)
  A burial acolyte (Ossuary)
  2 centaur zombies (Ossuary)
  2 human zombies (Ossuary)
  2 jellies (D:4)
  A bombardier beetle (D:6)
  A hound (D:5)
  An orc priest (D:5)
  2 sleepcaps
  An iguana (D:6)
  A crocodile zombie (Ossuary)
  A bullfrog simulacrum (Ossuary)
  3 mummies (Ossuary)
  4 gnolls (D:2)
  8 adders
  3 adder zombies (Ossuary)
  3 dart slugs
  A ribbon worm (D:3)
  27 orcs
  11 bats
  7 endoplasms
  4 giant cockroaches
  4 gnoll zombies (Ossuary)
  6 goblins
  10 hobgoblins
  A jackal (D:2)
  4 kobolds
  3 quokkas
  9 ball pythons
  6 ball python zombies (Ossuary)
  11 frilled lizards
  4 jackal zombies (Ossuary)
  4 kobold zombies (Ossuary)
  4 rats
161 creatures vanquished.

Notes
Turn   | Place    | Note
-------+----------+-------------------------------------------
     0 | D:1      | qw the Spriggan Hunter began the quest for the Orb.
     0 | D:1      | Reached XP level 1. HP: 10/10 MP: 2/2
     0 | D:1      | 0 ||| qw: Version: 0.3-a-155-g5e7d8dd
     0 | D:1      | 0 ||| qw: Game counter: 3198
     0 | D:1      | 0 ||| qw: Melee chars always use a shield: true
     0 | D:1      | 0 ||| qw: God list: Okawaru
     0 | D:1      | 0 ||| qw: Allow faded altars: false
     0 | D:1      | 0 ||| qw: Do Orc after clearing Dungeon:15 true
     0 | D:1      | 0 ||| qw: Do second Lair branch before Depths: true
     0 | D:1      | 0 ||| qw: Lair rune preference: random
     0 | D:1      | 0 ||| qw: Goals: Normal
     0 | D:1      | 0 ||| PLANNING D:1-11
    79 | D:1      | Reached skill level 3 in Dodging
   157 | D:1      | Found a faded altar of an unknown god.
   164 | D:1      | Reached XP level 2. HP: 14/14 MP: 3/3
   796 | D:1      | 796 ||| UPGRADING to ring of protection from fire.
   797 | D:1      | 797 ||| READING scroll labelled PYIBYCRECAJU.
   798 | D:1      | 798 ||| READING scroll labelled GEWIOMOKH.
   799 | D:1      | 799 ||| READING scroll labelled JOXKEIF WUTO.
   800 | D:1      | 800 ||| DRINKING 2 purple potions.
   801 | D:1      | 801 ||| DROPPING scroll of butterflies.
   882 | D:2      | Reached XP level 3. HP: 18/18 MP: 4/4
   918 | D:2      | 918 ||| RETREEEEATING.
   922 | D:2      | 922 ||| RETREEEEATING.
   926 | D:2      | HP: 1/18 [gnoll/+0 spear (4)]
  1033 | D:2      | Found a runed translucent door.
  1034 | D:2      | Noticed Crazy Yiuf
  1109 | D:2      | Reached XP level 4. HP: 16/22 MP: 5/5
  1813 | D:2      | 1813 ||| DROPPING ring of wizardry.
  1912 | D:3      | Reached XP level 5. HP: 26/26 MP: 6/6
  2065 | D:2      | 2065 ||| Stepping randomly (stuck).
  2977 | D:4      | Found a staircase to the Ecumenical Temple.
  2978 | D:4      | 2978 ||| PLANNING TEMPLE
  2978 | D:4      | 2978 ||| READING 4 scrolls labelled ZAKOOGHEUPN.
  2978 | D:4      | 2978 ||| IDENTIFYING green potion
  2979 | D:4      | 2979 ||| READING 3 scrolls of identify.
  2979 | D:4      | 2979 ||| IDENTIFYING orange potion
  2980 | D:4      | 2980 ||| READING 2 scrolls of identify.
  2980 | D:4      | 2980 ||| IDENTIFYING white potion
  2981 | D:4      | 2981 ||| READING scroll of identify.
  2981 | D:4      | 2981 ||| IDENTIFYING scroll labelled SOENINN VAPPE
  2982 | D:4      | 2982 ||| DROPPING potion of berserk rage.
  2983 | D:4      | 2983 ||| DROPPING scroll of vulnerability.
  2992 | Temple   | Entered the Ecumenical Temple
  2993 | Temple   | 2993 ||| PLANNING OKAWARU WORSHIP
  3005 | Temple   | Became a worshipper of Warmaster Okawaru
  3006 | Temple   | 3006 ||| PLANNING D:1-11
  3124 | D:4      | Reached skill level 6 in Ranged Weapons
  3152 | D:4      | Found an opulent altar of Gozag.
  3194 | D:4      | Noticed an ogre
  3195 | D:4      | 3195 ||| ZAPPING wand of flame (20) at 4,-7 (ogre; floor).
  3197 | D:4      | 3197 ||| ZAPPING wand of flame (19) at 3,-5 (ogre; floor).
  3198 | D:4      | 3198 ||| ZAPPING wand of flame (18) at 2,-4 (ogre; floor).
  3199 | D:4      | 3199 ||| ZAPPING wand of flame (17) at 2,-3 (ogre; floor).
  3200 | D:4      | 3200 ||| ZAPPING wand of flame (16) at 1,-2 (ogre;
                  | stone_stairs_up_ii).
  3201 | D:4      | 3201 ||| ZAPPING wand of flame (15) at 0,-1 (ogre; floor).
  3201 | D:4      | Killed an ogre
  3202 | D:4      | Reached skill level 6 in Dodging
  3202 | D:4      | Reached XP level 6. HP: 30/30 MP: 7/7
  3891 | D:4      | 3891 ||| UPGRADING to +5 ring of evasion.
  3892 | D:4      | 3892 ||| READING 2 scrolls of identify.
  3892 | D:4      | 3892 ||| IDENTIFYING scroll labelled SUIDDU WANKAEFO
  3893 | D:4      | 3893 ||| DROPPING scroll of revelation.
  3897 | D:5      | Entered Level 5 of the Dungeon
  3898 | D:5      | 3898 ||| PLANNING OSSUARY
  3953 | D:5      | Found a sand-covered staircase.
  3954 | D:5      | 3954 ||| READING scroll of identify.
  3954 | D:5      | 3954 ||| IDENTIFYING scroll labelled UPEISKUTIE
  3955 | D:5      | 3955 ||| DROPPING scroll of silence.
  3961 | Ossuary  | Entered an ossuary
  4024 | Ossuary  | Reached * piety under Okawaru
  4123 | Ossuary  | Reached skill level 1 in Invocations
  4123 | Ossuary  | Reached XP level 7. HP: 30/35 MP: 7/9
  4432 | Ossuary  | HP: 4/35 [elf zombie (6)]
  4434 | Ossuary  | Reached skill level 3 in Invocations
  4624 | Ossuary  | 4624 ||| READING scroll of identify.
  4624 | Ossuary  | 4624 ||| IDENTIFYING 2 fuming emerald potions
  4625 | Ossuary  | 4625 ||| READING scroll labelled KEXTIV YFYFAHA.
  4629 | Ossuary  | 4629 ||| READING scroll labelled KUAKLEA ISTUFI.
  4630 | Ossuary  | 4630 ||| READING 3 scrolls labelled VEIDO FYKUAPP.
  4631 | Ossuary  | 4631 ||| READING scroll labelled JUPIOT BEHUHUS.
  4632 | Ossuary  | 4632 ||| DROPPING 2 scrolls of amnesia.
  4633 | Ossuary  | 4633 ||| Stepping randomly (stuck).
  4634 | Ossuary  | 4634 ||| Stepping ~*~*~tactically~*~*~ (cloud).
  4717 | D:5      | 4717 ||| PLANNING D:1-11
  4918 | D:5      | Noticed a steam dragon
  4919 | D:5      | 4919 ||| INVOKING Heroism.
  4924 | D:5      | Killed a steam dragon
  4925 | D:5      | Reached XP level 8. HP: 39/39 MP: 8/12
  5055 | D:5      | Reached ** piety under Okawaru
  5559 | D:5      | 5559 ||| UPGRADING to amulet of regeneration.
  6153 | D:6      | Found a shimmering altar of Xom.
  6305 | D:6      | Identified the +8 chain mail "Buxkuladdo" {Rampage rPois
                  | Will- rCorr}
  6311 | D:7      | Found a flagged portal.
  6377 | D:7      | 6377 ||| INVOKING Heroism.
  6385 | D:7      | Reached skill level 3 in Fighting
  6503 | D:7      | Found Xefeit's Assorted Antiques.
  6513 | D:7      | 6513 ||| BUYING crooked iron wand (100 gold).
  6513 | D:7      | Bought a crooked iron wand for 100 gold pieces
  6513 | D:7      | 6513 ||| BUYING fuming inky potion (22 gold).
  6513 | D:7      | Bought a fuming inky potion for 22 gold pieces
  6513 | D:7      | 6513 ||| BUYING scroll labelled VUJYTI RECWAALE (25 gold).
  6513 | D:7      | Bought a scroll labelled VUJYTI RECWAALE for 25 gold pieces
  6513 | D:7      | 6513 ||| BUYING silvery potion (22 gold).
  6513 | D:7      | Bought a silvery potion for 22 gold pieces
  6536 | D:7      | HP: 7/40 [orc warrior/+0 halberd (14)]
  6539 | D:7      | Slain by an orc warrior

Levels and vault maps discovered:
D:1:      kilobyte_arrival_exit_the_forest, layout_loops_ring,
          chequers_ecumenical_altar_simple, chequers_serial_rivers_room_b,
          dk_noncrumbling_3
D:2:      minmay_razor_zed, layout_loops_cross, hex_medium, minmay_lizard_pond,
          uniq_crazy_yiuf_cottage
D:3:      layout_basic, hangedman_abyss_or_decor_lesser_grid,
          serial_park_tiny_pond
D:4:      layout_layer_cave, grunt_gozag_breadcrumbs, minmay_temple_entry_mist,
          minmay_between
D:5:      layout_loops_corners, lightli_ossuary_entry_decrepit_ruins
D:6:      layout_loops_ring, tgw_xom, nicolae_titane
D:7:      layout_gridville, serial_shops, nicolae_shop_tiny_waterfront,
          enter_bailey_6, kennysheep_generic_room_5
Temple:   nicolae_temple_ecumenical_triangle

Skill      XL: |  1  2  3  4  5  6  7  8 |
---------------+-------------------------+-----
Dodging        | 3 4 5 6 7 8 |  8.0
Ranged Weapons | 5 6 7 8 |  8.1
Fighting       | 2 3 |  3.3
Invocations    | 1 4 |  4.0
Stealth        | |  1.5

Action                     |  1- 3 |  4- 6 |  7- 9 || total
---------------------------+-------+-------+-------++-------
   Fire: Shortbow          |    85 |   255 |   297 ||   637
 Invoke: Heroism           |       |       |     2 ||     2
  Evoke: Wand              |       |     6 |       ||     6
    Use: Scroll            |     3 |     6 |     5 ||    14
         Potion            |     1 |       |       ||     1
 Armour: Robe              |     4 |    23 |    38 ||    65
  Dodge: Dodged            |    26 |   110 |   166 ||   302

Table legend:
 A = Non-vault XP
 B = Vault XP
 C = Vault XP percentage of total XP
 D = Non-vault monster count
 E = Vault monster count
 F = Vault count percentage of total count
                 A         B        C        D         E       F
            +---------+---------+-------+---------+---------+-------
      Total |    1383 |     751 |  35.2 |      99 |      62 |  38.5
            +---------+---------+-------+---------+---------+-------
        D:1 |      38 |       0 |   0.0 |      23 |       0 |   0.0
        D:2 |      89 |      56 |  38.6 |      18 |      22 |  55.0
        D:3 |      57 |       0 |   0.0 |      17 |       0 |   0.0
        D:4 |     252 |       3 |   1.2 |       8 |       2 |  20.0
        D:5 |     463 |       0 |   0.0 |      19 |       0 |   0.0
        D:6 |     251 |      12 |   4.6 |       6 |       4 |  40.0
        D:7 |     233 |       0 |   0.0 |       8 |       0 |   0.0
    Ossuary |       0 |     680 | 100.0 |       0 |      34 | 100.0
            +---------+---------+-------+---------+---------+-------
